 Dungeon Crawl Stone Soup version 0.30-a0-622-gddc90eaa04 (webtiles) character file.

Game seed: 17247381934277840637

95 ragingrage the Sneak (level 4, -1/39 HPs)
             Began as a Naga Warper on Jan 10, 2023.
             Killed by divine providence
             ... invoked by an orc priest
              (13 damage)
             ... on level 4 of the Dungeon.
             The game lasted 00:03:02 (2636 turns).

ragingrage the Sneak (Naga Warper)                  Turns: 2636, Time: 00:03:03

Health: -1/39      AC:  3    Str: 13    XL:     4   Next: 65%
Magic:  7/7        EV: 14    Int: 14    God:
Gold:   123        SH:  0    Dex: 18    Spells: 7/7 levels left

rFire   . . .      SeeInvis +    a - +0 falchion
rCold   . . .      Faith    .    (no shield)
rNeg    . . .      Spirit   .    i - +0 leather armour
rPois   +          Reflect  .    (no helmet)
rElec   .          Harm     .    (no cloak)
rCorr   .          Rampage  .    k - +0 pair of gloves
Will    .....                    (no barding)
Stlth   +++                      (no amulet)
HPRegen 0.26/turn                m - +6 ring of dexterity
MPRegen 0.10/turn                o - +5 ring of evasion

@: about to teleport, very slow
A: AC +1, large, see invisible, deformed body, poison resistance, slowness 2,
spit poison 1, naga tail 1
a: Spit Poison


You were on level 4 of the Dungeon.
You visited 1 branch of the dungeon, and saw 4 of its levels.

You collected 123 gold pieces.

Inventory:

Hand Weapons
 a - a +0 falchion (weapon)
 b - a +0 dagger
Missiles
 d - 6 boomerangs of dispersal (quivered)
Armour
 i - a +0 leather armour (worn)
 k - a +0 pair of gloves (worn)
Jewellery
 m - a +6 ring of dexterity (left hand)
 o - a +5 ring of evasion (right hand)
Scrolls
 c - a scroll of blinking
 g - a scroll of enchant armour {unknown}
 h - 3 scrolls of identify
 n - a scroll of fog {unknown}
 q - a scroll of fear {unknown}
 s - a scroll of teleportation
 t - a scroll of silence {unknown}
 u - a scroll of noise {unknown}
 v - a scroll of amnesia {unknown}
 x - a scroll of vulnerability {unknown}
Potions
 e - a potion of berserk rage {unknown}
 f - 4 potions of curing
 j - a potion of ambrosia {unknown}
 l - a potion of magic {unknown}
 p - a potion of might {unknown}
 r - a potion of attraction {unknown}
 w - a potion of resistance {unknown}


   Skills:
 - Level 2.0 Fighting
 + Level 3.5 Long Blades
 - Level 0.8 Throwing
 - Level 0.7 Armour
 - Level 1.5 Dodging
 + Level 4.5 Stealth
 - Level 2.0 Spellcasting
 - Level 3.0 Translocations


You had 7 spell levels left.
You didn't know any spells.
Your spell library contained the following spells:

 Spells                   Type           Power      Damage    Failure   Level
 Apportation              Tloc           18%        N/A       9%          1
 Blink                    Tloc           18%        N/A       13%         2
 Lesser Beckoning         Tloc           18%        N/A       26%         3
 Teleport Other           Tloc           9%         N/A       26%         3
 Necrotise                Necr           4%         1d4       30%         1
 Summon Small Mammal      Summ           4%         N/A       30%         1
 Vhi's Electric Charge    Tloc/Air       10%        N/A       43%         3
 Call Canine Familiar     Summ           1%         N/A       65%         3
 Summon Guardian Golem    Hex/Summ       1%         N/A       65%         3
 Manifold Assault         Tloc           9%         N/A       65%         4


Dungeon Overview and Level Annotations

Branches:
Dungeon (4/15)
 Temple: D:4-7

Altars:
Fedhas

Shops:
D:4 [

Annotations:
D:3 3 runed translucent doors, Zvl3's ghost, amateur DsGl


Innate Abilities, Weirdness & Mutations

Your serpentine skin is tough. (AC +1)
You have supernaturally acute eyesight. (SInv)
Armour fits poorly on your strangely shaped body.
Your system is resistant to poisons. (rPois)
You cover ground very slowly.
You can spit poison.
You have a snake-like lower body.


Message History

The quokka barely misses you.
You hit the quokka.
The quokka is moderately wounded.
The quokka bites you but does no damage.
You hit the quokka.
You kill the quokka!
Found Ibriunn's Antique Armour Shoppe.
You start resting.
HP restored.
You now have 123 gold pieces (gained 10).
An orc priest comes into view. It is wielding a +0 dagger.
An orc priest is nearby!
b - a +0 dagger (weapon)
2 orcs come into view.
An orc comes into view. It is wielding a +0 hand axe.
The orc shouts!
The orc priest shouts!
You hear a shout!
An orc comes into view. It is wielding a +0 morningstar.
An orc priest comes into view. It is wielding a +0 trident.
The orc shouts!
The orc priest shouts!
The orc shouts!
You hear a shout!
The orc priest completely misses you.
You hear a howl!
There is an entrance to Ibriunn's Antique Armour Shoppe here.
a - a +0 falchion (weapon)
A howler monkey comes into view.
As you read the scroll labelled RAXERU BADERU, it crumbles to dust.
It is a scroll of identify.
f - 4 potions of curing The orc priest mumbles some strange prayers to Beogh against you.
Beogh smites you! The orc priest misses you.
As you read the scroll of teleportation, it crumbles to dust.
You feel strangely unstable. The orc misses you.
An orc comes into view. It is wielding a +0 club.
The orc hits you with a +0 short sword.
The orc priest mumbles some strange prayers to Beogh against you.
Beogh smites you!
An orc comes into view. It is wielding a +0 club.
The orc priest invokes the aid of Beogh against you.
Beogh smites you!
You die...

..........#......
..........#........#
...................#
....................
#.................#
.....<............##
.#.................####.
#.....#..........o...o..
#....##....#....@o.o...o
..... #..........o.o...o
..##..........#.........
.. ##...##..............
#.##.#.............. ..#
#............... .#.
##.............h . .
............... #
...............


You could see a howler monkey (wandering), 2 orc priests and 6 orcs.

Vanquished Creatures
  An adder (D:2)
  An ufetubus (D:4)
  A worm (D:3)
  3 dart slugs
  4 orcs (D:3)
  6 ball pythons
  3 bats (D:1)
  7 endoplasms
  4 giant cockroaches
  8 goblins
  4 hobgoblins
  4 jackals (D:3)
  2 quokkas (D:4)
  2 frilled lizards (D:1)
  5 kobolds (D:1)
  7 rats
62 creatures vanquished.

Notes
Turn   | Place    | Note
-------+----------+-------------------------------------------
     0 | D:1      | ragingrage the Naga Warper began the quest for the Orb.
     0 | D:1      | Reached XP level 1. HP: 19/19 MP: 3/3
    99 | D:1      | Reached skill level 1 in Stealth
   188 | D:1      | Reached XP level 2. HP: 16/26 MP: 5/5
   259 | D:1      | Reached skill level 2 in Stealth
   519 | D:1      | Reached XP level 3. HP: 32/32 MP: 6/6
   566 | D:1      | Reached skill level 3 in Stealth
  1346 | D:2      | You fall into a shaft and drop 1 floor!
  1432 | D:3      | Reached XP level 4. HP: 39/39 MP: 7/7
  1558 | D:3      | Reached skill level 4 in Stealth
  1936 | D:3      | Found a blossoming altar of Fedhas.
  2019 | D:3      | Found a runed translucent gate.
  2019 | D:3      | Found a runed translucent gate.
  2020 | D:3      | Found a runed translucent gate.
  2022 | D:3      | Identified the +4 dagger of the Seven Thickets {protect,
                  | rElec rF+ Str-5 Dex+2}
  2022 | D:3      | Noticed Zvl3's ghost (amateur DsGl)
  2581 | D:4      | Found Ibriunn's Antique Armour Shoppe.
  2581 | D:4      | Identified the +1 robe of the Griffon {rPois rN++ Regen+
                  | Str-5}
  2636 | D:4      | Killed from afar by an orc priest

Illustrated notes

Levels and vault maps discovered:
D:1:      psy_arrival_whirlpool, layout_basic, fountainhead
D:2:      minmay_recursive_quarters, layout_basic
D:3:      layout_loops_ring, fedhas_altar_4, biasface_ghost_orc_armoury
D:4:      layout_layer_cave, serial_shops, shop, uniq_pikel

Skill      XL: |  1  2  3  4 |
---------------+-------------+-----
Stealth        | 1 2 3 4 |  4.5
Long Blades    | 3 |  3.5
Fighting       | |  2.0
Throwing       | |  0.8
Armour         | |  0.7
Dodging        | |  1.5
Spellcasting   | |  2.0
Translocations | |  3.0

Action                   |  1- 3 |  4- 6 || total
-------------------------+-------+-------++-------
Melee: Falchion          |    93 |    57 ||   150
       Punch             |     2 |     1 ||     3
       Dagger            |     1 |     3 ||     4
Throw: Boomerang         |     1 |       ||     1
 Abil: Spit Poison       |    12 |     4 ||    16
  Use: Scroll            |       |     3 ||     3
 Stab: Sleeping          |     2 |     6 ||     8
Armor: Leather armour    |    20 |     9 ||    29
Dodge: Dodged            |    74 |    35 ||   109

Table legend: (Time is in decaauts)
 A = Elapsed time spent in this place.
 B = Non-inter-level travel time spent in this place.
 C = Inter-level travel time spent in this place.
 D = Time resting spent in this place.
 E = Time spent auto-exploring this place.
 F = Levels seen in this place.
 G = Mean time per level.
                   A        B        C        D        E       F      G
               +--------+--------+--------+--------+--------+-----+--------+
         Total |   3447 |   3308 |    139 |    254 |   2355 |   4 |  861.8 |
       Dungeon |   3447 |   3308 |    139 |    254 |   2355 |   4 |  861.8 |
               +--------+--------+--------+--------+--------+-----+--------+

Top non-repeatable levels by time:
     D:1: 1501 daAuts
     D:3: 1145 daAuts
     D:4: 550 daAuts
     D:2: 250 daAuts
